 Dungeon Crawl Stone Soup version 0.31-a0-986-g5e6e4ef867 (webtiles) character file.

Game seed: 13702332383955616134

154 Zonian the Conjurer (level 5, -1/28 HPs)
             Began as a Deep Elf Conjurer on Nov 13, 2023.
             Killed by divine providence
             ... invoked by an orc priest
              (12 damage)
             ... on level 3 of the Dungeon.
             The game lasted 00:02:52 (2780 turns).

Zonian the Conjurer (Deep Elf Conjurer)             Turns: 2780, Time: 00:02:53

Health: -1/28      AC:  3    Str:  4    XL:     5   Next: 13%
Magic:  13/13      EV: 13    Int: 25    God:
Gold:   121        SH:  0    Dex: 13    Spells: 6/12 levels left

rFire   . . .        g - +0 short sword {short}
rCold   . . .        (no shield)
rNeg    . . .        a - +1 robe
rPois   .            (no helmet)
rElec   .            (no cloak)
rCorr   .            (no gloves)
SInv    .            (no boots)
Will    .....        (no amulet)
Stlth   ++           (no ring)
HPRegen 0.24/turn    (no ring)
MPRegen 0.13/turn

%: no passive effects
@: no status effects
A: no striking features
a: no special abilities


You were on level 3 of the Dungeon.
You visited 1 branch of the dungeon, and saw 3 of its levels.

You collected 121 gold pieces.


   Skills:
 + Level 3.7 Dodging
 + Level 3.9 Stealth
 + Level 4.3 Spellcasting
 + Level 5.1 Conjurations
 + Level 1.2 Hexes


You had 6 spell levels left.
You knew the following spells:

 Your Spells              Type           Power      Damage    Failure   Level
a - Magic Dart            Conj           100%       1d8       1%          1
b - Searing Ray           Conj           62%        2d6       1%          2
c - Dazzling Flash        Conj/Hex       42%        N/A       7%          3

Your spell library contained the following spells:

 Spells                   Type           Power      Damage    Failure   Level
 Slow                     Hex            44%        N/A       5%          1
 Confusing Touch          Hex            11%        N/A       16%         3
 Sigil of Binding         Hex            11%        N/A       16%         3
 Fulminant Prism          Conj/Hex       10%        3d9       24%         4
 Vampiric Draining        Necr           5%         2d6       26%         3
 Iskenderun's Mystic Bla  Conj/Tloc      18%        2d6       30%         4

Inventory:

Hand Weapons
 e - a +0 club {mace}
   (You took it off a kobold on level 1 of the Dungeon)
 f - a +0 club {mace}
   (You took it off a goblin on level 1 of the Dungeon)
 g - a +0 short sword (weapon) {short}
   (You found it on level 1 of the Dungeon)
 k - a +0 rapier {short}
   (You found it on level 1 of the Dungeon)
 l - a +0 dagger of pain {short}
   (You took it off a kobold on level 1 of the Dungeon)
Missiles
 j - 2 throwing nets {=f!fthrowing}
Armour
 a - a +1 robe (worn)
Potions
 h - a potion of heal wounds {unknown}
 i - 2 potions of curing {@q1}
 m - a potion of haste {unknown}

Dungeon Overview and Level Annotations

Branches:
Dungeon (3/15) Zot: 15219

Altars:

.......<........
########.#######
.............#
.#####.......#
#....#### #....#
#....####
#.......#
#..@###.#
#..oo.# #
#.....# #.......
........#
##########


You could see an orc priest and an orc.


Message History

There is a stone staircase leading down here.
Unknown command.
There is a stone staircase leading down here.
Unknown command.
You climb downwards.
There is a stone staircase leading up here.
Unknown command.
A rat comes into view.
Unknown command.
The magic dart hits the rat.
You kill the rat! 😎 MP[-1]
You lost 1 mp, and now have 11/12 mp.
You can't see any susceptible monsters within range! (Use Z to cast anyway.)
You can't see any susceptible monsters within range! (Use Z to cast anyway.) Unknown command.
An orc priest comes into view. It is wielding a +0 mace.
The orc priest shouts!
You hear a shout!
An orc priest comes into view. It is wielding a +0 dagger. 😎 MP[+1]
Your mp is fully restored (12).
There are monsters nearby!
The magic dart hits the orc priest.
The orc priest shouts! 😎 MP[-1]
You lost 1 mp, and now have 11/12 mp.
The magic dart hits the orc priest.
An orc comes into view. It is wielding a +0 club. 😎 MP[-1]
You lost 1 mp, and now have 10/12 mp.
The magic dart hits the orc priest. 😎 MP[-1]
You lost 1 mp, and now have 9/12 mp.
The magic dart hits the orc priest.
The orc priest invokes the aid of Beogh against you.
Beogh smites you!
An orc priest comes into view. It is wielding a +0 dagger.
The orc priest closely misses you. 😮 HP[-10] MP[-1]
You take 10 damage, and now have 14/24 hp.
MASSIVE DAMAGE!! (PAUSE)
You lost 1 mp, and now have 8/12 mp.
Casting: Magic Dart (safe; 1% risk of failure)
Confirm with . or Enter, or press ? or * to list all spells.
Aiming: Searing Ray (safe; 1% risk of failure)
Press: ? - help, Shift-Dir - straight line, f/p - orc priest
Aim: an orc priest, wielding a +0 mace and wearing a +0 leather armour (almost dead, 79% to hit)
The searing ray hits the orc priest.
You kill the orc priest! (Press . to maintain the ray.) 😮 MP[-2]
You lost 2 mp, and now have 6/12 mp.
Unknown command.
Casting: Searing Ray (safe; 1% risk of failure)
Confirm with . or Enter, or press ? or * to list all spells.
Restarting spell: Searing Ray (safe; 1% risk of failure)
Press: ? - help, Shift-Dir - straight line, f - orc priest
Aim: an orc priest, wielding a +0 dagger (79% to hit)
The searing ray hits the orc priest.
The searing ray hits the orc priest! (Press . to maintain the ray.)
The orc priest barely misses you. 😮 MP[-2]
You lost 2 mp, and now have 4/12 mp.
Unknown command.
The searing ray hits the orc priest!
The searing ray misses the orc priest.
The orc hits you with a +0 club.
* * * LOW HITPOINT WARNING * * *
😨 HP[-2] MP[-1]
You take 2 damage, and now have 12/24 hp.
You lost 1 mp, and now have 3/12 mp.
Unknown command.
The searing ray hits the orc priest!
You kill the orc priest!
The orc hits you with a +0 club.
* * * LOW HITPOINT WARNING * * *
Your Hexes skill increases to level 1!
You have reached level 5! 😨 HP[+2]
You now have 28 max hp (+4).
You regained 2 hp, and now have 14/28 hp.
Casting: Searing Ray (safe; 1% risk of failure)
Confirm with . or Enter, or press ? or * to list all spells.
Restarting spell: Searing Ray (safe; 1% risk of failure)
Press: ? - help, Shift-Dir - straight line, f - orc priest
Aim: an orc priest, wielding a +0 dagger (heavily wounded, 79% to hit)
The searing ray hits the orc priest. (Press . to maintain the ray.)
The orc priest looks satisfied for a moment.
The orc hits you with a +0 club.
* * * LOW HITPOINT WARNING * * *
😨 HP[-3] MP[-2]
You take 3 damage, and now have 11/28 hp.
You lost 2 mp, and now have 1/13 mp.
Casting: Searing Ray (safe; 1% risk of failure)
Confirm with . or Enter, or press ? or * to list all spells.
You don't have enough magic to cast this spell.
Magic courses through your body.
The orc priest invokes the aid of Beogh against you.
Beogh smites you!
You die...

Skill      XL: |  1  2  3  4 |
---------------+-------------+-----
Stealth        | 3 |  3.9
Dodging        | 3 |  3.7
Spellcasting   | 4 |  4.3
Conjurations   | 5 |  5.1
Hexes          | 1 |  1.2

Action                     |  1- 3 |  4- 6 || total
---------------------------+-------+-------++-------
   Cast: Magic Dart        |    61 |    31 ||    92
         Searing Ray       |       |     3 ||     3
    Use: Scroll            |       |     4 ||     4
         Potion            |       |     1 ||     1
 Armour: Robe              |     2 |     4 ||     6
  Dodge: Dodged            |     5 |     3 ||     8

Levels and vault maps discovered:
D:1:      minmay_arrival_three_doors, layout_basic
D:2:      layout_loops_ring, minmay_lizard_king
D:3:      layout_basic, mainiacjoe_overflow_concentric_impassable, serial_shops,
          nicolae_shop_stone, grunt_decor_clamped, grunt_ministairs_4

Notes
Turn   | Place    | Note
-------+----------+-------------------------------------------
     0 | D:1      | Zonian the Deep Elf Conjurer began the quest for the Orb.
     0 | D:1      | Reached XP level 1. HP: 10/10 MP: 6/6
     0 | D:1      | magus.rc [v1.9.6]
   289 | D:1      | Reached XP level 2. HP: 15/15 MP: 6/8
  1085 | D:2      | You pick up a book of Debilitation and begin reading...
  1085 | D:2      | You add the spells Slow, Sigil of Binding, Vampiric
                  | Draining and Confusing Touch to your library.
  1089 | D:2      | Reached skill level 3 in Stealth
  1217 | D:2      | Reached skill level 3 in Dodging
  1234 | D:2      | Reached XP level 3. HP: 19/19 MP: 6/10
  1237 | D:2      | Learned a level 2 spell: Searing Ray
  1500 | D:2      | Reached skill level 4 in Spellcasting
  1500 | D:2      | Reached XP level 4. HP: 24/24 MP: 1/12
  2306 | D:2      | Reached skill level 5 in Conjurations
  2310 | D:2      | Learned a level 3 spell: Dazzling Flash
  2695 | D:3      | Noticed a black bear
  2779 | D:3      | Reached skill level 1 in Hexes
  2779 | D:3      | Reached XP level 5. HP: 14/28 MP: 3/13
  2780 | D:3      | Killed from afar by an orc priest

Vanquished Creatures
  2 orc priests (D:3)
  3 gnolls (D:2)
  An adder (D:2)
  A worm (D:2)
  4 dart slugs
  An orc (D:2)
  3 bats
  6 endoplasms
  2 goblins (D:1)
  4 hobgoblins (D:2)
  4 ball pythons
  12 frilled lizards
  2 kobolds (D:1)
  5 rats
50 creatures vanquished.

Table legend:
 A = Non-vault XP
 B = Vault XP
 C = Vault XP percentage of total XP
 D = Non-vault monster count
 E = Vault monster count
 F = Vault count percentage of total count
                 A         B        C        D         E       F
            +---------+---------+-------+---------+---------+-------
      Total |     212 |       8 |   3.6 |      42 |       8 |  16.0
            +---------+---------+-------+---------+---------+-------
        D:1 |      25 |       0 |   0.0 |      14 |       0 |   0.0
        D:2 |     102 |       8 |   7.3 |      25 |       8 |  24.2
        D:3 |      85 |       0 |   0.0 |       3 |       0 |   0.0
            +---------+---------+-------+---------+---------+-------

Skill      XL: |  1  2  3  4 |
---------------+-------------+-----
Stealth        | 3 |  3.9
Dodging        | 3 |  3.7
Spellcasting   | 4 |  4.3
Conjurations   | 5 |  5.1
Hexes          | 1 |  1.2

Action                     |  1- 3 |  4- 6 || total
---------------------------+-------+-------++-------
   Cast: Magic Dart        |    61 |    31 ||    92
         Searing Ray       |       |     3 ||     3
    Use: Scroll            |       |     4 ||     4
         Potion            |       |     1 ||     1
 Armour: Robe              |     2 |     4 ||     6
  Dodge: Dodged            |     5 |     3 ||     8

Illustrated notes

Table legend:
 A = Kills in this place as a percentage of kills in the entire game.
 B = Kills by you in this place as a percentage of kills by you in the entire game.
 C = Kills by friends in this place as a percentage of kills by friends in the entire game.
 D = Other kills in this place as a percentage of other kills in the entire game.
 E = Experience gained in this place as a percentage of experience gained in the entire game.
 F = Experience gained in this place divided by the number of levels of this place that you have seen.
                   A       B       C       D       E      F
               +-------+-------+-------+-------+-------+----------------------
         Total | 100.0 | 100.0 |   N/A |   N/A | 100.0 |  73.3
       Dungeon | 100.0 | 100.0 |   N/A |   N/A | 100.0 |  73.3
               +-------+-------+-------+-------+-------+----------------------

Table legend: (Time is in decaauts)
 A = Elapsed time spent in this place.
 B = Non-inter-level travel time spent in this place.
 C = Inter-level travel time spent in this place.
 D = Time resting spent in this place.
 E = Time spent auto-exploring this place.
 F = Levels seen in this place.
 G = Mean time per level.
                   A        B        C        D        E       F      G
               +--------+--------+--------+--------+--------+-----+--------+
         Total |   2779 |   2645 |    134 |    619 |   1813 |   3 |  926.3 |
       Dungeon |   2779 |   2645 |    134 |    619 |   1813 |   3 |  926.3 |
               +--------+--------+--------+--------+--------+-----+--------+

Top non-repeatable levels by time:
     D:2: 1580 daAuts
     D:1: 1171 daAuts
     D:3: 28 daAuts
